 Dungeon Crawl Stone Soup version 0.24-a0-434-gd57e52fea8 (webtiles) character file.

Game seed: 7498259776513287323

174 theanonym the Grave Robber (level 5, -1/35 HPs)
             Began as a Mummy Necromancer on June 15, 2019.
             Slain by Duvessa
             ... wielding a +0 short sword
              (13 damage)
             ... on level 4 of the Dungeon.
             The game lasted 00:06:28 (2994 turns).

theanonym the Grave Robber (Mummy Necromancer)      Turns: 2994, Time: 00:06:29

Health: -1/35      AC:  4    Str: 11    XL:     5   Next: 28%
Magic:  0/11       EV: 11    Int: 15    God:
Gold:   226        SH:  0    Dex: 13    Spells: 4/13 levels left

rFire    x . .     SeeInvis .   f - +0 dagger
rCold    + . .     Gourm    .   (no shield)
rNeg     + + +     Faith    .   j - +0 leather armour
rPois    ∞         Spirit   .   (no helmet)
rElec    .         Reflect  .   (no cloak)
rCorr    .         Harm     .   i - +0 pair of gloves
MR       .....                  (no boots)
Stlth    ++........             e - amulet of magic regeneration
HPRegen  0.11/turn              (no ring)
MPRegen  0.37/turn              (no ring)

@: about to teleport
A: no food or potions, fire vulnerability, cold resistance 1, negative energy
resistance 3, torment resistance, unbreathing
a: no special abilities


Innate Abilities, Weirdness & Mutations

You do not eat or drink.
Your flesh is vulnerable to fire.
You are immune to poison.
Your flesh is cold resistant. (rC+)
You are immune to negative energy. (rN+++)
You are immune to unholy pain and torment.
You can survive without breathing.


   Skills:
 + Level 2.0 Short Blades
 + Level 0.4 Armour
 - Level 1.5 Dodging
 - Level 1.5 Stealth
 + Level 4.5 Spellcasting
 - Level 5.0 Necromancy


You had 4 spell levels left.
You knew the following spells:

 Your Spells              Type           Power        Failure   Level  Hunger
a - Pain                  Necr           ###.         3%          1    N/A
b - Animate Dead          Necr           N/A          28%         4    N/A
c - Vampiric Draining     Necr           ###.......   9%          3    N/A
e - Animate Skeleton      Necr           N/A          3%          1    N/A

Your spell library contained the following spells:

 Spells                   Type           Power        Failure   Level  Hunger
 Confusing Touch          Hex            #.....       22%         1    N/A
 Confuse                  Hex            #.......     56%         3    N/A
 Gell's Gravitas          Tloc           #.........   56%         3    N/A
 Petrify                  Tmut/Erth      #.......     92%         4    N/A
 Metabolic Englaciation   Hex/Ice        #.........   99%         5    N/A
 Yara's Violent Unravell  Hex/Tmut       #.........   99%         5    N/A
 Regeneration             Chrm/Necr      Unusable     N/A         3    N/A

Skill      XL: |  1  2  3  4 |
---------------+-------------+-----
Spellcasting   | 3 4 |  4.5
Short Blades   | 1 2 |  2.0
Necromancy     | 5 |  5.0
Armour         | |  0.4
Dodging        | |  1.5
Stealth        | |  1.5

Action                   |  1- 3 |  4- 6 || total
-------------------------+-------+-------++-------
Melee: Dagger            |     8 |     7 ||    15
 Cast: Pain              |    91 |    71 ||   162
       Animate Skeleton  |    12 |     7 ||    19
       Animate Dead      |       |     8 ||     8
       Vampiric Draining |       |     2 ||     2
  Use: Scroll            |     3 |     1 ||     4
Armor: Robe              |     2 |       ||     2
       Leather armour    |     8 |     9 ||    17
Dodge: Dodged            |    19 |    20 ||    39

Inventory:

Hand Weapons
 c - a +0 club
 f - a +0 dagger (weapon)
Armour
 a - a +0 robe
 b - a +0 shield
 i - a +0 pair of gloves (worn)
 j - a +0 leather armour (worn)
Jewellery
 e - an amulet of magic regeneration (around neck)
 h - an uncursed ring of ice
Wands
 w - a wand of flame (24)
Scrolls
 d - a scroll of amnesia {unknown}
 g - a scroll of enchant weapon {unknown}
 n - 3 scrolls of remove curse
 r - a scroll of identify
 t - a scroll of teleportation


You were on level 4 of the Dungeon.
You were not hungry.

You visited 1 branch of the dungeon, and saw 4 of its levels.

You collected 226 gold pieces.

Dungeon Overview and Level Annotations

Branches:
Dungeon (4/15)
 Temple: D:4-7

Altars:
Ru
Trog

Annotations:
D:4 Duvessa

o. # .# .#
.# #.#.
.##....
.#...#
##...#
###...#
#le@.#
#.#h##
...#.#
........
.....###.w.
####$ #...#
# .o...
......


You could see Duvessa (berserk), a worm, a hound, 2 orcs and a leopard gecko.

Notes
Turn   | Place    | Note
-------+----------+-------------------------------------------
     0 | D:1      | theanonym the Mummy Necromancer began the quest for the
                  | Orb.
     0 | D:1      | Reached XP level 1. HP: 13/13 MP: 4/4
    89 | D:1      | Reached skill level 3 in Spellcasting
   192 | D:1      | Learned a level 1 spell: Animate Skeleton
   358 | D:1      | Reached XP level 2. HP: 19/19 MP: 4/6
   657 | D:2      | HP: 9/19 [worm (10)]
   864 | D:2      | Reached skill level 1 in Short Blades
   864 | D:2      | Reached XP level 3. HP: 24/24 MP: 4/8
   881 | D:2      | Learned a level 3 spell: Vampiric Draining
  1196 | D:2      | Found a sacrificial altar of Ru.
  1919 | D:3      | Reached XP level 4. HP: 30/30 MP: 4/9
  1959 | D:3      | Learned a level 4 spell: Animate Dead
  2059 | D:3      | Reached skill level 4 in Spellcasting
  2460 | D:3      | Found a bloodstained altar of Trog.
  2983 | D:4      | Noticed Dowan
  2985 | D:4      | Noticed Duvessa
  2990 | D:4      | Killed Dowan
  2990 | D:4      | Reached skill level 2 in Short Blades
  2990 | D:4      | Reached skill level 5 in Necromancy
  2990 | D:4      | Reached XP level 5. HP: 35/35 MP: 4/11
  2991 | D:4      | HP: 11/35 [Duvessa/+0 short sword (11)]
  2992 | D:4      | HP: 5/35 [hound (6)]
  2994 | D:4      | Slain by Duvessa

Vanquished Creatures
  Dowan (D:4)
  3 adders
  An ooze (D:1)
  2 worms
  A dart slug (D:2)
  4 leopard geckos
  9 orcs (D:3)
  2 ball pythons
  5 bats
  4 giant cockroaches
  7 goblins
  7 hobgoblins
  4 jackals (D:2)
  7 kobolds
  4 frilled lizards
  12 rats
73 creatures vanquished.

Vanquished Creatures (collateral kills)
  A rat (D:3)
1 creature vanquished.

Grand Total: 74 creatures vanquished

Table legend:
 A = Turns spent in this place as a percentage of turns spent in the entire game.
 B = Non-inter-level travel turns spent in this place as a percentage of non-inter-level travel turns spent in the entire game.
 C = Inter-level travel turns spent in this place as a percentage of turns spent in this place.
 D = Turns resting spent in this place as a percentage of non-inter-level travel turns spent in this place.
 E = Turns spent auto-exploring this place as a percentage of non-inter-level travel turns spent in this place.
 F = Non-inter-level travel turns spent in this place divided by the number of levels of this place that you've seen.
                   A       B       C       D       E      F
               +-------+-------+-------+-------+-------+----------------------
         Total | 100.0 | 100.0 |   4.9 |  20.4 |  60.6 | 712.0
       Dungeon | 100.0 | 100.0 |   4.9 |  20.4 |  60.6 | 712.0
               +-------+-------+-------+-------+-------+----------------------
